 Dungeon Crawl Stone Soup version 0.19-a0-1932-g59670f6 (webtiles) character file.

62 Yakui the Poker (level 4, 0/33 HPs)
             Began as a Merfolk Gladiator on Oct 22, 2016.
             Slain by an adder (4 damage)
             ... on level 2 of the Dungeon on Oct 25, 2016.
             The game lasted 00:05:14 (1465 turns).

Yakui the Poker (Merfolk Gladiator)                 Turns: 1465, Time: 00:05:14

Health: 0/33       AC:  4    Str: 15    XL:     4   Next: 8%
Magic:  4/4        EV: 14    Int:  7    God:
Gold:   84         SH:  0    Dex: 15    Spells: 0 memorised, 3 levels left

rFire  . . .     SeeInvis .     a - +0 trident
rCold  . . .     Gourm    .     b - +0 leather armour
rNeg   . . .     Faith    .     (no shield)
rPois  .         Spirit   .     c - +0 helmet
rElec  .         Reflect  .     (no cloak)
rCorr  .         Harm     .     (no gloves)
MR     .....                    (no boots)
Stlth  ++........               (no amulet)
                                (no ring)
                                (no ring)

@: lethally poisoned (0 -> -8)
A: change form in water, swift swim, stealthy swim
a: no special abilities


You were on level 2 of the Dungeon.
You were near starving.

You visited 1 branch of the dungeon, and saw 3 of its levels.

You collected 84 gold pieces.

Inventory:

Hand Weapons
 a - a +0 trident (weapon)
Missiles
 d - 3 throwing nets (quivered)
Armour
 b - a +0 leather armour (worn)
 c - a +0 helmet (worn)
Scrolls
 e - 2 scrolls of identify {unknown}
 i - 2 scrolls of enchant armour {unknown}
 j - a scroll of blinking {unknown}
 k - 3 scrolls of magic mapping {unknown}
 n - a scroll of enchant weapon {unknown}
 o - a scroll of amnesia {unknown}
Potions
 h - a potion of resistance {unknown}
 l - a potion of flight {unknown}
 m - a potion of magic {unknown}
Comestibles
 f - 4 bread rations
 g - 2 beef jerkies
 p - a chunk of flesh


   Skills:
 - Level 2.1 Fighting
 - Level 4.4 Polearms
 - Level 2.0 Throwing
 - Level 4.0 Dodging
 + Level 4.2 Stealth


You had 3 spell levels left.
You didn't know any spells.

Dungeon Overview and Level Annotations

Branches:
Dungeon (3/15)

Altars:


Message History

You are too injured to fight recklessly!
You are too injured to fight recklessly!
You are too injured to fight recklessly!
You miss the adder.
The adder is lightly wounded.
* * * LOW HITPOINT WARNING * * *
You feel sick. The adder barely misses you. x2
You hit the adder but do no damage.
The adder is lightly wounded.
* * * LOW HITPOINT WARNING * * *
You feel sick. The adder misses you.
You barely miss the adder.
The adder is lightly wounded.
* * * LOW HITPOINT WARNING * * *
You feel sick. The adder misses you. The adder completely misses you.
You barely miss the adder.
The adder is lightly wounded.
* * * LOW HITPOINT WARNING * * *
You feel sick. The adder bites you.
You die...

#....... ## #.###### ...
##### #.# ... ...# #.#
###.#######.#####.######
...............[........
#.........############
#...S.....# ##≈≈≈≈≈#
#....@....# #≈≈≈≈≈≈≈
#.........# ##≈≈≈≈≈≈≈
#.........# #≈≈≈≈≈≈≈≈
#............#≈.≈.≈≈..
..............#.....≈..
...............##.......
................#.......
###+...(........##.....#
+............ ##...##


You could see an adder.

Vanquished Creatures
  3 gnolls (D:2)
  An ooze (D:1)
  A ball python (D:1)
  4 giant cockroaches
  4 goblins
  2 hobgoblins
  3 jackals (D:1)
  4 kobolds
  2 bats (D:2)
  A frilled lizard (D:2)
  2 rats (D:1)
27 creatures vanquished.

Notes
Turn   | Place    | Note
-------+----------+-------------------------------------------
     0 | D:1      | Yakui the Merfolk Gladiator began the quest for the Orb.
     0 | D:1      | Reached XP level 1. HP: 16/16 MP: 1/1
    35 | D:1      | Upgraded the game from 0.19-a0-1908-g43c011f to 0.19-a0-1920-g83281cb
   228 | D:1      | Reached skill level 1 in Stealth
   266 | D:1      | Reached XP level 2. HP: 22/22 MP: 2/2
   861 | D:2      | Reached XP level 3. HP: 24/27 MP: 3/3
  1310 | D:2      | Reached XP level 4. HP: 32/33 MP: 4/4
  1311 | D:2      | Upgraded the game from 0.19-a0-1920-g83281cb to 0.19-a0-1932-g59670f6
  1465 | D:2      | Slain by an adder

Vault maps used:
D:1:      mainiacjoe_arrival_reflecting_pool, grunt_decor_one_mirror
D:2:      nicolae_underground_beach
D:3:      serial_bayou, serial_bayou_lake_a, serial_bayou_pond_c,
          serial_bayou_pond_d, serial_bayou_pond_c, first_bread,
          minmay_strange_pillars, uniq_grinder

Skill      XL: |  1  2  3 |
---------------+----------+-----
Stealth        | 1 2 4 |  4.2
Fighting       | |  2.1
Polearms       | |  4.4
Throwing       | |  2.0
Dodging        | |  4.0

Action                   |  1- 3 |  4- 6 || total
-------------------------+-------+-------++-------
Melee: Trident           |    86 |    22 ||   108
 Stab: Sleeping          |     2 |       ||     2
       Distracted        |     2 |       ||     2
Armor: Leather armour    |    13 |     5 ||    18
Dodge: Dodged            |    60 |    13 ||    73
